 Dungeon Crawl Stone Soup version 0.31-a0-1576-ga3383bade6 (webtiles) character file.

Game seed: 16177389283027967534

90 Flugslaktarn the Apothecary (level 4, 0/27 HPs)
             Began as an Octopode Alchemist on Jan 4, 2024.
             Was an Initiate of Wu Jian.
             Slain by a gnoll bouda
             ... wielding a +0 whip
              (12 damage)
             ... on level 4 of the Dungeon.
             The game lasted 00:02:03 (933 turns).

Flugslaktarn the Apothecary (Octopode Alchemist)     Turns: 933, Time: 00:02:03

Health: 0/27       AC:  1    Str:  7    XL:     4   Next: 56%
Magic:  13/17      EV: 13    Int: 23    God:    Wu Jian [......]
Gold:   100        SH:  0    Dex: 14    Spells: 3/8 levels left

rFire   . . .        k - +0 rapier
rCold   . . .        (no shield)
rNeg    . . .        (helmet restricted)
rPois   +            (no amulet)
rElec   .            o - ring of poison resistance
rCorr   .            l - ring of magical power
SInv    .            n - +6 ring of intelligence
Will    .....        (no ring)
Stlth   +++          (no ring)
HPRegen 0.24/turn    (no ring)
MPRegen 0.15/turn    (no ring)
                     (no ring)

%: no passive effects
@: weakened
A: almost no armour, amphibious, 8 rings, camouflage 1, gelatinous body 1,
(nimble swimmer 1), tentacles
a: Renounce Religion


You were on level 4 of the Dungeon.
You worshipped Wu Jian.
Wu Jian was noncommittal.
You visited 1 branch of the dungeon, and saw 4 of its levels.

You collected 100 gold pieces.

Inventory:

Hand Weapons
 k - a +0 rapier (weapon)
   (You found it on level 4 of the Dungeon)
Jewellery
 l - a ring of magical power (right tentacle)
   (You found it on level 3 of the Dungeon)
 n - a +6 ring of intelligence (on tentacle)
   (You found it on level 2 of the Dungeon)
 o - a ring of poison resistance (left tentacle)
   (You took it off a hobgoblin on level 2 of the Dungeon)
Wands
 g - a wand of digging (3)
   (You found it on level 2 of the Dungeon)
Scrolls
 b - 2 scrolls of identify {unknown}
 c - 3 scrolls of teleportation {unknown}
 d - a scroll of fear {unknown}
 j - 2 scrolls of blinking {unknown}
 m - a scroll of summoning {unknown}
Potions
 a - a potion of magic
 e - a potion of brilliance {unknown}
 f - a potion of curing {unknown}
 h - a potion of mutation {unknown}
 i - 2 potions of enlightenment {unknown}


   Skills:
 - Level 2.0 Dodging
 - Level 2.6 Stealth
 + Level 2.9 Spellcasting
 - Level 1.0 Conjurations
 * Level 5.0 Alchemy


You had 3 spell levels left.
You knew the following spells:

 Your Spells              Type           Power      Damage    Failure   Level
a - Sting                 Conj/Alch      68%        1d7       3%          1
b - Olgreb's Toxic Radia  Alch           26%        N/A       14%         4

Your spell library contained the following spells:

 Spells                   Type           Power      Damage    Failure   Level
 Mercury Vapours          Alch/Air       30%        N/A       6%          2
 Mephitic Cloud           Conj/Alch/Air  12%        N/A       16%         3
 Sticky Flame             Fire/Alch      15%        2d5       38%         4


Dungeon Overview and Level Annotations

Branches:
Dungeon (4/15)
 Temple: D:4-7

Altars:
Wu Jian


Innate Abilities, Weirdness & Mutations

You cannot wear most types of armour.
You are amphibious.
You can wear up to eight rings at the same time.
Your skin changes colour to match your surroundings (Stealth+).
Your rubbery body absorbs attacks. (AC +1, EV +1)
((You are camouflaged when in or above water. (Stealth+)))
You have tentacles for arms and can constrict up to eight enemies at once.


Message History

You now have 100 gold pieces (gained 3).
There is a stone staircase leading down here.
You climb downwards.
There is a stone staircase leading up here.
Unknown command.
An adder comes into view.
Casting: Sting (safe; 3% risk of failure)
Confirm with . or Enter, or press ? or * to list all spells.
Aiming: Sting (safe; 3% risk of failure)
Press: ? - help, Shift-Dir - straight line, f - adder
Aim: an adder (asleep, 100% to hit)
The sting hits the adder.
The adder is poisoned.
The adder is lightly wounded.
The adder hisses angrily.
You lunge at the adder.
You hit the adder. You grab the adder. You squeeze the adder.
The adder is heavily wounded.
You constrict the adder. The adder bites you.
Casting: Sting (safe; 3% risk of failure)
Confirm with . or Enter, or press ? or * to list all spells.
Aiming: Sting (safe; 3% risk of failure)
Press: ? - help, Shift-Dir - straight line, f/p - adder
Aim: an adder (heavily wounded, constricted by you, poisoned, 91% to hit)
The sting hits the adder.
The adder looks even sicker.
You kill the adder!
The Council accepts your kill.
Casting: Sting (safe; 3% risk of failure)
Confirm with . or Enter, or press ? or * to list all spells.
You can't see any susceptible monsters within range! (Use Z to cast anyway.)
Found a chain mail.
Found a scroll labelled UPSITUR QYARRO.
Found a spear.
Found a thick glowing staff.
A gnoll bouda and a gnoll come into view.
A gnoll comes into view. It is wielding a +0 spear.
The gnoll shouts!
The gnoll bouda shouts!
The gnoll shouts!
The gnoll bouda barks out a call to the hunt!
The gnolls pick up the pace!
A gnoll comes into view. It is wielding a +0 flail.
Casting: Sting (safe; 3% risk of failure)
Confirm with . or Enter, or press ? or * to list all spells.
Aiming: Sting (safe; 3% risk of failure)
Press: ? - help, Shift-Dir - straight line, f - gnoll
Aim: a gnoll, wielding a +0 club (covering ground quickly, 77% to hit)
The sting hits the gnoll.
The gnoll is poisoned.
The gnoll is heavily wounded.
The gnoll misses you.
You barely miss the gnoll. Your grab misses the gnoll.
The gnoll is severely wounded.
The gnoll misses you. The gnoll closely misses you.
The gnoll bouda calls upon its god to heal the gnoll.
The gnoll is healed somewhat.
You hear a shout!
The gnoll attacks as it pursues you! The gnoll hits you with a +0 club.
The gnoll looks more healthy.
The gnoll hits you with a +0 club.
Casting: Sting (safe; 3% risk of failure)
Confirm with . or Enter, or press ? or * to list all spells.
Aiming: Sting (safe; 3% risk of failure)
Press: ? - help, Shift-Dir - straight line, f/p - gnoll
Aim: a gnoll, wielding a +0 club (heavily wounded, covering ground quickly, 77% to hit)
The sting hits the gnoll.
The gnoll is poisoned.
You kill the gnoll!
The Council accepts your kill.
Your Alchemy skill increases to level 5!
Casting: Sting (safe; 3% risk of failure)
Confirm with . or Enter, or press ? or * to list all spells.
Aiming: Sting (safe; 3% risk of failure)
Press: ? - help, Shift-Dir - straight line, f - gnoll bouda
Aim: a gnoll bouda, wielding a +0 whip and wearing a +0 leather armour (77% to hit)
The sting hits the gnoll bouda but does no damage.
The gnoll bouda is poisoned.
Casting: Sting (safe; 3% risk of failure)
Confirm with . or Enter, or press ? or * to list all spells.
Aiming: Sting (safe; 3% risk of failure)
Press: ? - help, Shift-Dir - straight line, f/p - gnoll bouda
Aim: a gnoll bouda, wielding a +0 whip and wearing a +0 leather armour (poisoned, 77% to hit)
The sting misses the gnoll bouda.
The gnoll bouda closely misses you.
Casting: Sting (safe; 3% risk of failure)
Confirm with . or Enter, or press ? or * to list all spells.
Aiming: Sting (safe; 3% risk of failure)
Press: ? - help, Shift-Dir - straight line, f/p - gnoll bouda
Aim: a gnoll bouda, wielding a +0 whip and wearing a +0 leather armour (poisoned, 77% to hit)
The sting hits the gnoll bouda.
The gnoll bouda looks even sicker.
The gnoll bouda is lightly wounded.
The gnoll bouda gazes fiercely through you!
You feel your attacks grow feeble. The gnoll bouda barely misses you.
You hear a shout!
You closely miss the gnoll bouda. You grab the gnoll bouda.
The gnoll bouda is lightly wounded.
You constrict the gnoll bouda, but do no damage.
The gnoll bouda gazes fiercely through you!
You feel as though you will be weak longer.
The gnoll bouda hits you with a +0 whip!
You barely miss the gnoll bouda.
The gnoll bouda is moderately wounded.
You constrict the gnoll bouda, but do no damage.
The gnoll bouda hits you with a +0 whip!
You die...

..#########.#####
...########.#...###########
...........................
#...............###.######
#.###########.### #.# ...#
#.# #.# ...# #.# #.#
...##### #.#####.###
...#...# #..[@g....#
.8.#.<.# #######g#.#
...#...# #.#.# .#†#.#.#####
#g#.# ........$..# #g..#
.⌠.#...#.<.# #...|.g.gg
...........# #.#..#####
.#.#.#.##### #. ?.#
...#...# #. ..)


You could see a gnoll bouda (very poisoned) and a gnoll (swift).

Vanquished Creatures
  A bombardier beetle (D:4)
  An adder (D:4)
  A gnoll (D:4)
  A bat (D:2)
  6 endoplasms
  3 giant cockroaches
  3 goblins (D:1)
  4 hobgoblins
  A jackal (D:1)
  2 kobolds (D:1)
  2 quokkas
  5 ball pythons
  A frilled lizard (D:2)
  2 rats (D:2)
33 creatures vanquished.

Notes
Turn   | Place    | Note
-------+----------+-------------------------------------------
     0 | D:1      | Flugslaktarn the Octopode Alchemist began the quest for the
                  | Orb.
     0 | D:1      | Reached XP level 1. HP: 11/11 MP: 3/3
   164 | D:1      | Reached XP level 2. HP: 17/17 MP: 0/5
   226 | D:1      | Reached skill level 4 in Alchemy
   495 | D:2      | Reached XP level 3. HP: 21/21 MP: 2/6
   674 | D:4      | Reached XP level 4. HP: 23/27 MP: 3/8
   695 | D:4      | Learned a level 4 spell: Olgreb's Toxic Radiance
   721 | D:3      | Found an ornate altar of the Wu Jian Council.
   739 | D:3      | Became a worshipper of the Wu Jian Council
   929 | D:4      | Reached skill level 5 in Alchemy
   933 | D:4      | Slain by a gnoll bouda

Illustrated notes

Levels and vault maps discovered:
D:1:      dpeg_arrival_rooms_a, layout_loops_cross,
          hellmonk_ecumenical_altar_run_dry, minmay_pentomino_t4
D:2:      layout_loops_ring
D:3:      layout_loops_ring, nicolae_wu_jian_wuxing_cycle,
          minmay_misc_feat_rugged, uniq_terence
D:4:      layout_loops_ring, nicolae_elevator_lobby_plus

Skill      XL: |  1  2  3  4 |
---------------+-------------+-----
Alchemy        | 4 5 |  5.0
Dodging        | |  2.0
Stealth        | |  2.6
Spellcasting   | |  2.9
Conjurations   | |  1.0

Action                     |  1- 3 |  4- 6 || total
---------------------------+-------+-------++-------
  Melee: Unarmed           |    32 |       ||    32
         Tentacles         |     9 |     1 ||    10
         Constrict         |     7 |     2 ||     9
         Punch             |     1 |       ||     1
         Rapier            |       |     5 ||     5
   Cast: Sting             |    32 |     9 ||    41
Ability: Lunge             |       |     1 ||     1
   Stab: Sleeping          |       |     1 ||     1
 Armour: Skin              |    12 |     6 ||    18
  Dodge: Dodged            |    21 |     5 ||    26

Table legend: (Time is in decaauts)
 A = Elapsed time spent in this place.
 B = Non-inter-level travel time spent in this place.
 C = Inter-level travel time spent in this place.
 D = Time resting spent in this place.
 E = Time spent auto-exploring this place.
 F = Levels seen in this place.
 G = Mean time per level.
                   A        B        C        D        E       F      G
               +--------+--------+--------+--------+--------+-----+--------+
         Total |    931 |    898 |     33 |      0 |    427 |   4 |  232.8 |
       Dungeon |    931 |    898 |     33 |      0 |    427 |   4 |  232.8 |
               +--------+--------+--------+--------+--------+-----+--------+

Top non-repeatable levels by time:
     D:1: 333 daAuts
     D:2: 259 daAuts
     D:3: 208 daAuts
     D:4: 130 daAuts
